 Dungeon Sprint DCSS version 0.31-a0-626-g8143ab4f1d (webtiles) character file.

Game seed: 2279638797018219134

31202 rocky1 the Djinni Blade (level 13, -3/114 HPs)
             Began as a Djinni Gladiator on Aug 25, 2023.
             Was an Initiate of Gozag.
             Slain by a naga mage
             ... wielding a +0 spear
              (12 damage)
             ... in the Dungeon (Sprint IX: "|||||||||||||||||||||||||||||").
             The game lasted 00:22:24 (5393 turns).

rocky1 the Djinni Blade (Djinni Gladiator)          Turns: 5393, Time: 00:22:24

Health: -3/114     AC: 33    Str: 13    XL:     13   Next: 94%
Gold:   1216       EV:  5    Int: 15    God:    Gozag SH:  0 Dex: 18

rFire   + + +        C - +4 great sword (freeze)
rCold   + . .        (shield currently unavailable)
rNeg    . . .        w - +9 scales of the Dragon King {rPois rF+ rC+ Will+}
rPois   ∞            c - +0 helmet
rElec   .            b - +0 cloak {Stlth+}
rCorr   .            E - +1 pair of gloves
SInv    .            (boots unavailable)
Will    ++...        B - amulet of regeneration Stlth
                     p - +3 ring of intelligence
HPRegen 1.19/turn    A - ring of protection from cold
MPRegen 0.00/turn

%: no teleportation, infuse magic (-4 HP)
@: brilliant, gold aura, flying, hasted, very quick
A: sickness immunity, fire resistance 2, cold vulnerability 1, float, innate
caster, HP casting, extra vitality 1
a: Renounce Religion, Potion Petition, Call Merchant, Bribe Branch


You were in the Dungeon.
You worshipped Gozag.
Gozag was most pleased with you.
You visited 1 branch You collected 10176 gold pieces.
You spent 3274 gold pieces at shops.
You paid 5686 gold pieces to Gozag.

Inventory:

Hand Weapons
 d - a +2 scimitar of draining
 e - a +2 eveningstar of holy wrath
 g - the +6 scimitar of Laceration {antimagic, Drain rN+++ Will- Str+3}
   (You bought it in a shop in the Dungeon)

   Str+3:     It affects your strength (+3).
   rN+++:     It renders you almost immune to negative energy.
   Will-:     It decreases your willpower.
   Drain:     It drains your maximum health when unequipped.
 l - a +2 scimitar of flaming
 m - a +2 heavy scimitar
 C - a +4 great sword of freezing (weapon)
 D - a +1 double sword
Missiles
 j - a javelin
Armour
 b - a +0 cloak of stealth (worn)
 c - a +0 helmet (worn)
 h - a +0 kite shield
 w - the +9 scales of the Dragon King (worn) {rPois rF+ rC+ Will+}
   (You bought it in a shop in the Dungeon)

   rF+:       It protects you from fire.
   rC+:       It protects you from cold.
   rPois:     It protects you from poison Will+: It increases your willpower.
 x - a +2 ring mail of poison resistance
 E - a +1 pair of gloves (worn)
Jewellery
 p - a +3 ring of intelligence (left hand)
 A - a ring of protection from cold (right hand)
 B - an amulet of regeneration (around neck)
Wands
 a - a wand of polymorph (10)
Scrolls
 s - 4 scrolls of enchant armour
 t - a scroll of fear
 v - 2 scrolls of fog
 I - a scroll of identify
Potions
 f - 7 potions of curing
 i - a potion of berserk rage
 k - 3 potions of mutation
 z - a potion of enlightenment
 H - a potion of might


   Skills:
 + Level 18.3 Fighting
 + Level 22.1 Long Blades
 - Level 2.0 Throwing
 - Level 12.2 Armour
 - Level 15.5 Dodging
 - Level 2.7 Spellcasting
 - Level 2.7 Conjurations
 - Level 2.7 Hexes
 - Level 2.7 Summonings
 - Level 2.7 Necromancy
 - Level 2.7 Translocations
 - Level 2.7 Transmutations
 - Level 2.7 Fire Magic
 - Level 2.7 Ice Magic
 - Level 2.7 Air Magic
 - Level 2.7 Earth Magic
 - Level 2.7 Poison Magic
 - Level 4.5 Evocations


You knew the following spells:

 Your Spells              Type           Power      Damage    Failure   Level
a - Freeze                Ice            60%        1d7       100%        1
b - Ensorcelled Hibernat  Hex/Ice        30%        N/A       100%        2
c - Passwall              Tmut/Erth      12%        N/A       100%        2
d - Cause Fear            Hex            7%         N/A       100%        4
e - Animate Dead          Necr           15%        N/A       100%        4
f - Irradiate             Conj/Tmut      7%         3d14      100%        5
Your spell library was empty.


Dungeon Overview and Level Annotations

Branches:
Dungeon (1/1)

Altars:
Cheibriados
Dithmenos
Elyvilon
Fedhas
Gozag
Hepliaklqana
Makhleb
Nemelex Xobeh
Okawaru
Qazlal
Ru
Trog
Uskayaw
Wu Jian
Xom
Yredelemnul
Zin
The Shining One
Jiyva
Lugonu

Shops:
D ([((*=((


Innate Abilities, Weirdness & Mutations

You are immune to sickness and miasma.
You are immune to poison.
Your flesh is very heat resistant. (rF++)
You are vulnerable to cold. (rC-)
You float through the air rather than walking.
You learn spells naturally, not from books.
Your magical power is your life essence.
You have superior vitality. (+4 MHP)


Message History

You carve the shock serpent like a ham!!!
The shock serpent seems to slow down.
You freeze the shock serpent!
You kill the shock serpent!
The air sparks with electricity, shocking you!
Your Fighting skill increases to level 18!
Your Long Blades skill increases to level 22!
The naga warrior hits you with a +0 dire flail!!
* * * LOW HITPOINT WARNING * * *
The naga warrior grabs you. The naga warrior constricts you.
* * * LOW HITPOINT WARNING * * *
You see here 72 gold pieces.
You slash the naga warrior! You freeze the naga warrior.
The naga warrior is lightly wounded.
The naga warrior no longer looks unusually strong.
The naga mage no longer looks unusually strong.
The black mamba is distracted by your dazzling golden aura.
The black mamba hisses angrily.
You slash the naga warrior! You freeze the naga warrior.
The naga warrior is heavily wounded.
The naga warrior spits poison at you.
The splash of poison hits you but does no damage.
You resist. The naga warrior constricts you.
You open the naga warrior like a pillowcase!!!
You freeze the naga warrior.
You kill the naga warrior!
Things that are here:
153 gold pieces; a +0 dire flail You slice the black mamba!!
The black mamba seems to slow down.
You freeze the black mamba.
The black mamba is no longer distracted by gold.
The black mamba is severely wounded.
You hit the black mamba. You freeze the black mamba.
The black mamba is almost dead.
The black mamba bites you but does no damage.
You slash the black mamba! You freeze the black mamba.
You kill the black mamba!
The black mamba bites you but does no damage.
The naga mage hits you from afar with a +0 spear!
You die...
Your body crumbles into a pile of gold.

.▓.▓.▓.▓[▓.▓.▓.▓.▓
.▓.▓.▓.▓'▓.▓.▓.▓.▓
.▓.▓(▓.▓)▓.▓.▓.▓.▓
.▓.▓.▓.▓)▓.▓)▓.▓'▓
'▓.▓.▓)▓[▓.▓)▓.▓$▓
_▓.▓.▓.▓[▓.▓)▓.▓$▓
_▓.▓.▓.▓.▓.▓)▓.▓$▓
_▓.▓.▓.▓)▓.▓.▓.▓$▓
_▓.▓.▓.▓.▓.▓)▓.▓@▓
_▓.▓'▓.▓[▓.▓.▓.▓S▓
_▓.▓.▓.▓[▓.▓)▓.▓N▓
_▓.▓.▓.▓.▓.▓.▓.▓.▓
_▓.▓.▓.▓)▓.▓[▓.▓.▓
_▓.▓.▓.▓.▓.▓.▓.▓+▓
_▓.▓.▓.▓.▓.▓[▓.▓
_▓.▓.▓.▓[▓.▓[▓.▓
_▓.▓.▓.▓.▓.▓[▓.▓


You could see a black mamba (curare) and a naga mage (fast).

Vanquished Creatures
  Donald (D)
  Gastronok (D)
  A stone giant (D)
  A spark wasp (D)
  An ettin (D)
  Josephine (D)
  A rakshasa (D)
  A hydra (D)
  2 centaur warriors (D)
  2 two-headed ogres (D)
  2 tengu warriors (D)
  A boulder beetle (D)
  A deep troll earth mage (D)
  9 orc high priests (D)
  3 shock serpents (D)
  2 naga warriors (D)
  A salamander mystic (D)
  A wizard (D)
  5 orc knights (D)
  A deep elf pyromancer (D)
  A manticore (D)
  An elephant (D)
  Maurice (D)
  2 black mambas (D)
  3 cane toads (D)
  A komodo dragon (D)
  A rime drake (D)
  A kobold demonologist (D)
  Psyche (D)
  An unseen horror (D)
  A yaktaur (shapeshifter) (D)
  A meliai (shapeshifter) (D)
  6 polar bears (D)
  A blink frog (D)
  A dream sheep (D)
  4 wraiths (D)
  2 wyverns (D)
  4 yaks (D)
  A basilisk (D)
  A golden eye (shapeshifter) (D)
  A vampire mosquito (D)
  A water moccasin (D)
  8 orc warriors (D)
  3 black bears (D)
  A wolf (D)
  A boggart (D)
  2 bullfrogs (D)
  A scorpion (D)
  6 orc priests (D)
  An iguana (D)
  3 orc wizards (D)
  A gnoll (D)
  3 adders (D)
  7 orcs (D)
  A goblin (D)
  A hobgoblin (D)
  2 frilled lizards (D)
116 creatures vanquished.

Vanquished Creatures (others)
  An efreet (D)
1 creature vanquished.

Grand Total: 117 creatures vanquished

Notes
Turn   | Place    | Note
-------+----------+-------------------------------------------
     0 | D        | rocky1 the Djinni Gladiator began the quest for the Orb.
     0 | D        | Reached XP level 1. HP: 18/18 MP: 0/0
     6 | D        | Reached skill level 3 in Long Blades
     6 | D        | Reached XP level 2. HP: 20/24 MP: 0/0
    43 | D        | Noticed a scorpion
    52 | D        | Reached skill level 4 in Long Blades
    52 | D        | Reached XP level 3. HP: 22/29 MP: 0/0
    52 | D        | Learned a level 1 spell: Freeze
    59 | D        | Reached skill level 5 in Long Blades
    59 | D        | Reached skill level 5 in Dodging
    59 | D        | Reached XP level 4. HP: 23/35 MP: 0/0
    61 | D        | Killed a scorpion
    62 | D        | Reached skill level 6 in Long Blades
    62 | D        | Reached skill level 1 in Armour
    62 | D        | Reached XP level 5. HP: 27/40 MP: 0/0
    62 | D        | Learned a level 2 spell: Ensorcelled Hibernation
   330 | D        | Found a snail-covered altar of Cheibriados.
   330 | D        | Found a shadowy altar of Dithmenos.
   330 | D        | Found a white marble altar of Elyvilon.
   330 | D        | Found a blossoming altar of Fedhas.
   330 | D        | Found an opulent altar of Gozag.
   331 | D        | Found a hazy altar of Hepliaklqana.
   332 | D        | Found a viscous altar of Jiyva.
   334 | D        | Found a corrupted altar of Lugonu.
   335 | D        | Found a burning altar of Makhleb.
   336 | D        | Found a sparkling altar of Nemelex Xobeh.
   337 | D        | Found an iron altar of Okawaru.
   338 | D        | Became a worshipper of Gozag Ym Sagoz the Greedy
   339 | D        | Found a stormy altar of Qazlal.
   340 | D        | Found a sacrificial altar of Ru.
   342 | D        | Found a bloodstained altar of Trog.
   343 | D        | Found a hide-covered altar of Uskayaw.
   345 | D        | Found an ornate altar of the Wu Jian Council.
   346 | D        | Found a shimmering altar of Xom.
   347 | D        | Found a basalt altar of Yredelemnul.
   348 | D        | Found a glowing silver altar of Zin.
   349 | D        | Found a glowing golden altar of the Shining One.
   500 | D        | Noticed a wyvern
   500 | D        | Noticed a kobold demonologist
   500 | D        | Noticed a yak
   500 | D        | Noticed a two-headed ogre
   500 | D        | Noticed a yak
   500 | D        | Noticed a two-headed ogre
   504 | D        | Killed a wyvern
   505 | D        | Reached skill level 8 in Long Blades
   505 | D        | Reached XP level 6. HP: 48/48 MP: 0/0
   516 | D        | Killed a two-headed ogre
   517 | D        | Reached skill level 10 in Long Blades
   517 | D        | Reached skill level 5 in Armour
   517 | D        | Reached skill level 10 in Dodging
   517 | D        | Reached skill level 1 in Evocations
   517 | D        | Reached XP level 7. HP: 17/57 MP: 0/0
   517 | D        | Learned a level 2 spell: Passwall
   517 | D        | Reached XP level 8. HP: 18/62 MP: 0/0
   520 | D        | Killed a yak
   521 | D        | Reached skill level 11 in Long Blades
   522 | D        | Killed a kobold demonologist
   527 | D        | HP: 3/64 [two-headed ogre/+0 giant club (4)]
   529 | D        | Killed a two-headed ogre
   530 | D        | Reached skill level 12 in Long Blades
   530 | D        | Reached XP level 9. HP: 32/70 MP: 0/0
   530 | D        | Learned a level 4 spell: Cause Fear
   989 | D        | Noticed a boulder beetle
   989 | D        | Noticed an efreet
   989 | D        | Noticed a centaur warrior
   989 | D        | Noticed a centaur warrior
   993 | D        | Killed an efreet
   994 | D        | Reached skill level 13 in Long Blades
   994 | D        | Killed an unseen horror
   999 | D        | Killed a centaur warrior
  1000 | D        | Reached XP level 10. HP: 51/78 MP: 0/0
  1001 | D        | Killed a boulder beetle
  1002 | D        | Reached skill level 14 in Long Blades
  1006 | D        | Killed a centaur warrior
  1466 | D        | Noticed a komodo dragon
  1466 | D        | Noticed a black mamba
  1469 | D        | Noticed an elephant
  1477 | D        | Reached skill level 10 in Fighting
  1480 | D        | Noticed a cane toad
  1488 | D        | Killed a komodo dragon
  1840 | D        | Noticed a cane toad
  1845 | D        | Killed a black mamba
  1846 | D        | Reached skill level 15 in Long Blades
  1935 | D        | Killed an elephant
  1940 | D        | Killed a cane toad
  1941 | D        | Reached XP level 11. HP: 58/89 MP: 0/0
  1941 | D        | Learned a level 4 spell: Animate Dead
  2045 | D        | Noticed a six-headed hydra
  2058 | D        | Killed a two-headed hydra
  2059 | D        | Reached skill level 16 in Long Blades
  2423 | D        | Reached skill level 17 in Long Blades
  2792 | D        | Noticed Psyche
  2801 | D        | Killed Psyche
  2834 | D        | Bought the +9 scales of the Dragon King {rPois rF+ rC+
                  | Will+} for 1622 gold pieces
  2834 | D        | Found the +9 scales of the Dragon King {rPois rF+ rC+
                  | Will+}
  2924 | D        | Noticed an orc knight
  2924 | D        | Noticed an orc knight
  2924 | D        | Noticed an orc knight
  2928 | D        | Noticed an orc knight
  2930 | D        | Noticed an orc knight
  2939 | D        | Killed an orc knight
  2943 | D        | Killed an orc knight
  2955 | D        | Killed an orc knight
  2956 | D        | Reached skill level 15 in Fighting
  2956 | D        | Reached XP level 12. HP: 50/102 MP: 0/0
  2982 | D        | Reached skill level 10 in Armour
  2991 | D        | Found Zeitz's Weapon Emporium.
  2991 | D        | Noticed an orc high priest
  2991 | D        | Noticed an orc high priest
  2991 | D        | Noticed an orc high priest
  2992 | D        | Noticed an orc high priest
  2994 | D        | Found Minuh's Antique Weapon Shoppe.
  2994 | D        | Noticed an orc high priest
  2998 | D        | Noticed an orc high priest
  3000 | D        | Noticed a sun demon
  3000 | D        | Killed an orc high priest
  3001 | D        | Reached skill level 18 in Long Blades
  3003 | D        | Killed an orc high priest
  3006 | D        | Found Urouthae's Assorted Antiques.
  3007 | D        | Noticed an orc high priest
  3014 | D        | Killed an orc high priest
  3017 | D        | Noticed an orc high priest
  3022 | D        | Killed an orc high priest
  3023 | D        | Noticed a soul eater
  3090 | D        | Killed an orc high priest
  3092 | D        | Noticed a sixfirhy
  3094 | D        | Killed an orc high priest
  3099 | D        | Killed an orc high priest
  3104 | D        | Killed an orc high priest
  3506 | D        | Bought a runed scimitar for 231 gold pieces
  3570 | D        | Found Xeitruhu's Jewellery Shoppe.
  3575 | D        | Noticed an orc high priest
  3585 | D        | Killed an orc high priest
  3586 | D        | Reached skill level 15 in Dodging
  3586 | D        | Reached skill level 1 in Spellcasting
  3586 | D        | Reached skill level 1 in Conjurations
  3586 | D        | Reached skill level 1 in Hexes
  3586 | D        | Reached skill level 1 in Summonings
  3586 | D        | Reached skill level 1 in Necromancy
  3586 | D        | Reached skill level 1 in Translocations
  3586 | D        | Reached skill level 1 in Transmutations
  3586 | D        | Reached skill level 1 in Fire Magic
  3586 | D        | Reached skill level 1 in Ice Magic
  3586 | D        | Reached skill level 1 in Air Magic
  3586 | D        | Reached skill level 1 in Earth Magic
  3586 | D        | Reached skill level 1 in Poison Magic
  3716 | D        | Bought a masterwork scimitar for 234 gold pieces
  3716 | D        | Identified the +6 scimitar of Laceration {antimagic, Drain
                  | rN+++ Will- Str+3} (You bought it in a shop in the Dungeon)
  3718 | D        | Bought a glowing ring mail for 147 gold pieces
  3718 | D        | Bought a scroll labelled CIOBLA ULLICOONT for 21 gold
                  | pieces
  3718 | D        | Bought a fizzy red potion for 18 gold pieces
  3718 | D        | Bought a scroll of blinking for 157 gold pieces
  3718 | D        | Bought a scroll of identify for 42 gold pieces
  3720 | D        | Bought a ring of protection from cold for 300 gold pieces
  3720 | D        | Bought an amulet of regeneration for 360 gold pieces
  3867 | D        | Noticed Maurice
  3893 | D        | Killed Maurice
  3927 | D        | Noticed Josephine
  3937 | D        | Killed Josephine
  3941 | D        | Reached XP level 13. HP: 105/111 MP: 0/0
  3941 | D        | Learned a level 5 spell: Irradiate
  3982 | D        | Noticed Gastronok
  4002 | D        | Killed Gastronok
  4078 | D        | Got the +1 helmet of the Tundras {rF++ Will- Str+6}
  4133 | D        | Reached skill level 19 in Long Blades
  4166 | D        | Noticed a stone giant
  4169 | D        | Reached skill level 20 in Long Blades
  4169 | D        | Noticed an ettin
  4176 | D        | Killed a stone giant
  4197 | D        | Killed an ettin
  4228 | D        | Reached skill level 21 in Long Blades
  4508 | D        | Noticed a spark wasp
  4509 | D        | Noticed a rakshasa
  4524 | D        | Killed a spark wasp
  4535 | D        | Killed a rakshasa
  4994 | D        | Bought a +1 heavy scimitar for 142 gold pieces
  5006 | D        | Noticed Donald
  5022 | D        | HP: 3/112 [Donald/+2 eveningstar of holy wrath (13)]
  5185 | D        | Killed Donald
  5385 | D        | Reached skill level 22 in Long Blades
  5385 | D        | HP: 4/113 [constriction (5)]
  5393 | D        | Slain by a naga mage

Illustrated notes

Levels and vault maps discovered:
D:        linesprint [early_d, line_temple, items_1, d_10, items_2, lair_1,
          lair_end, items_3, orc_1, orc_end, items_4, d_15, swamp_1, shoals_1,
          snake_1, spider_1, d_20, vaults_1, items_5, swamp_end, shoals_end,
          snake_end, spider_end, vaults_end, d_27, items_6, zot_1, zot_end,
          crypt_end, forest_end, elf_end, slime_end, tomb_end, abyss_end,
          pan_hell_end]

Skill      XL: |  1  2  3  4  5  6  7  8  9 10 11 12 13 |
---------------+----------------------------------------+-----
Long Blades    | 3 4 5 6 8 10 12 13 15 17 18 22 | 22.1
Dodging        | 4 5 6 8 10 11 12 13 15 | 15.5
Throwing       | 2 |  2.0
Fighting       | 3 4 6 8 9 11 15 16 18 | 18.3
Armour         | 1 2 5 6 7 8 9 11 12 | 12.2
Evocations     | 1 2 3 4 |  4.5
Spellcasting   | 2 |  2.7
Conjurations   | 2 |  2.7
Hexes          | 2 |  2.7
Summonings     | 2 |  2.7
Necromancy     | 2 |  2.7
Translocations | 2 |  2.7
Transmutations | 2 |  2.7
Fire Magic     | 2 |  2.7
Ice Magic      | 2 |  2.7
Air Magic      | 2 |  2.7
Earth Magic    | 2 |  2.7
Poison Magic   | 2 |  2.7

Action                     |  1- 3 |  4- 6 |  7- 9 | 10-12 | 13-15 || total
---------------------------+-------+-------+-------+-------+-------++-------
  Melee: Long sword        |    23 |     7 |       |       |       ||    30
         Scimitar          |       |    14 |    14 |   299 |    19 ||   346
         Punch             |       |       |     1 |     8 |       ||     9
         Great sword       |       |       |       |       |   127 ||   127
  Throw: Throwing net      |     2 |     1 |       |       |       ||     3
         Javelin           |       |       |       |       |     1 ||     1
 Invoke: Call Merchant     |       |       |       |     2 |     2 ||     4
         Potion Petition   |       |       |       |     1 |     4 ||     5
  Evoke: Wand              |       |     2 |     6 |     2 |       ||    10
    Use: Potion            |       |       |     2 |     7 |     6 ||    15
         Scroll            |       |       |       |     5 |     6 ||    11
   Stab: Invisible         |       |     3 |     3 |    31 |     3 ||    40
         Distracted        |       |       |       |     1 |       ||     1
 Armour: Leather armour    |     7 |     2 |       |       |       ||     9
         Chain mail        |       |     4 |     5 |    42 |       ||    51
         Gold dragon scale |       |       |       |    66 |   113 ||   179
  Dodge: Dodged            |    10 |    12 |     7 |    73 |    20 ||   122

Table legend: (Time is in decaauts)
 A = Elapsed time spent in this place.
 B = Non-inter-level travel time spent in this place.
 C = Inter-level travel time spent in this place.
 D = Time resting spent in this place.
 E = Time spent auto-exploring this place.
 F = Levels seen in this place.
 G = Mean time per level.
                   A        B        C        D        E       F      G
               +--------+--------+--------+--------+--------+-----+--------+
         Total |   5220 |   5220 |      0 |   3342 |      0 |   1 | 5220.0 |
       Dungeon |   5220 |   5220 |      0 |   3342 |      0 |   1 | 5220.0 |
               +--------+--------+--------+--------+--------+-----+--------+

Top non-repeatable levels by time:
       D: 5220 daAuts
